 Dungeon Crawl Stone Soup version 0.29-a0-1047-g7c58e119a4 (console) character file.

Game seed: 7906505149126665095

135907 jejorda2 the Thrower (level 16, -3/139 HPs)
             Began as a Black Draconian Berserker on Aug 16, 2022.
             Was a High Priest of Trog.
             Killed from afar by Arachne (12 damage)
             ... with a bolt of poison
             ... on level 3 of the Spider Nest.
             The game lasted 01:41:16 (36448 turns).

jejorda2 the Thrower (Black Draconian Berserker)   Turns: 36448, Time: 01:41:27

Health: -3/139     AC: 18    Str: 20      XL:     16   Next: 65%
Magic:  1/25       EV:  8    Int: 13 (14) God:    Trog [*****.]
Gold:   1426       SH:  0    Dex: 20      Spells: 15/15 levels left

rFire   + . .      SeeInvis +   a - +3 scimitar (flame)
rCold   + + .      Faith    +   t - +2 tower shield
rNeg    . . .      Spirit   .   (body armour unavailable)
rPois   +          Reflect  .   (helmet restricted)
rElec   +          Harm     .   h - scarf {rC+ rF+}
rCorr   +          Rampage  .   k - +2 pair of gloves
Will    +....      Rage     3%  u - +5 pair of boots "Jowapn Joapt" {Int+5 Dex+3}
Stlth   +++.......              T - amulet of faith
HPRegen 0.33/turn               b - ring of resist corrosion
MPRegen 0.19/turn               J - ring of Ofeyqiry {rPois rC+ MP+9 SInv}

@: on berserk cooldown, flying, held, slowed, very slow
A: breathe lightning, AC +9, unfitting armour, big wings, electricity
resistance, cold-blooded, berserk 1
a: Breathe Lightning, Renounce Religion, Berserk, Trog's Hand, Brothers in Arms


You were on level 3 of the Spider Nest.
You worshipped Trog.
Trog was extremely pleased with you.
You visited 4 branches of the dungeon, and saw 25 of its levels.
You also visited: Ossuary and Ice Cave.

You collected 2358 gold pieces.
You spent 932 gold pieces at shops.

Inventory:

Hand Weapons
 a - a +3 scimitar of flaming (weapon)
 r - a +2 antimagic dagger
 x - a +4 dagger
 O - the +5 long sword "Gepol" {vorpal, *Noise +Blink Str+4 Dex+6}
   (Trog gifted it to you on level 1 of the Spider Nest)

   It inflicts extra damage upon your enemies.
   Str:       It affects your strength (+4).
   Dex:       It affects your dexterity (+6).
   +Blink:    It lets you blink.
   *Noise:    It may make noises in combat.
Missiles
 d - 16 javelins
 g - 48 poisoned darts (quivered)
 o - a throwing net
 s - 8 boomerangs
 w - 8 curare-tipped darts
 K - 3 datura-tipped darts
 R - 7 boomerangs of dispersal
Armour
 h - a scarf of resistance (worn)
 k - a +2 pair of gloves (worn)
 t - a +2 tower shield (worn)
 u - the +5 pair of boots "Jowapn Joapt" (worn) {Int+5 Dex+3}
   (You found it in an ice cave)

   Int:       It affects your intelligence (+5).
   Dex:       It affects your dexterity (+3).
Jewellery
 b - a ring of resist corrosion (left hand)
 J - the ring of Ofeyqiry (right hand) {rPois rC+ MP+9 SInv}
   (You found it on level 2 of the Lair of Beasts)

   [ring of see invisible]

   rC:        It protects you from cold.
   rPois:     It protects you from poison.
   MP:        It affects your magic capacity (+9).
   SInv:      It lets you see invisible.
 S - a ring of protection from cold
 T - an amulet of faith (around neck)
 U - a ring of protection from fire
Wands
 l - a wand of flame (20)
 p - a wand of light (27)
 G - a wand of charming (22)
 H - a wand of polymorph (20)
 M - a wand of roots (7)
Scrolls
 f - 4 scrolls of enchant armour
 j - 6 scrolls of enchant weapon
 q - a scroll of silence
 y - 10 scrolls of teleportation
 z - a scroll of poison
 A - 5 scrolls of immolation
 B - 3 scrolls of fear
 D - 14 scrolls of identify
 E - a scroll of magic mapping
 F - 4 scrolls of blinking
 L - a scroll of summoning
Potions
 e - 3 potions of berserk rage
 i - 4 potions of invisibility
 m - 6 potions of attraction
 n - 7 potions of curing
 v - 3 potions of might
 C - 3 potions of cancellation
 I - a potion of haste
Miscellaneous
 c - a phial of floods (inert)
 N - a lightning rod (4/4)
 P - a condenser vane
 Q - a tin of tremorstones (2/2)


   Skills:
 - Level 12.0 Fighting
 - Level 11.7(13.8) Short Blades
 - Level 12.0(14.0) Long Blades
 + Level 14.2 Throwing
 - Level 9.0 Dodging
 - Level 4.0 Stealth
 * Level 13.4 Shields
 - Level 9.0 Evocations


You had 15 spell levels left.
You didn't know any spells.
Your spell library was empty.

Dungeon Overview and Level Annotations

Branches:
Dungeon (15/15)            Temple (0/1) D:7            Lair (5/5) D:10
 Shoals (0/4) Lair:3       Spider (3/4) Lair:3        Slime (0/5) Lair:5
    Orc (2/2) D:9             Elf (0/3) Orc:2        Vaults (0/5) D:14
 Depths (0/4) D:15        Ossuary (visited)           IceCv (visited)

Altars:
Kikubaaqudgha
Vehumet
Zin
Jiyva
Lugonu

Shops:
D:10 (   D:15 =   Orc:2 *(=[

Portals:
Abyss: Lair:5
Trove: D:10 (give horn of Geryon)

Annotations:
D:14 1 transporter, Newt's ghost, journeyman DsMo
Spider:3 Arachne


Innate Abilities, Weirdness & Mutations

You can breathe wild blasts of lightning.
Your glossy black scales are hard. (AC +9)
You cannot fit into any form of body armour.
Your large and strong wings let you fly.
You are resistant to electric shocks. (rElec)
You are cold-blooded and may be slowed by cold attacks.
You sometimes lose your temper in combat.


Message History

Unknown command.
You slash Arachne! You burn Arachne.
Arachne is severely wounded.
Arachne casts a spell at you. The poison arrow hits you!
You are poisoned.
You partially resist.
Arachne points her staff at you, shooting a stream of webbing.
You block the stream of webbing.
You slash Arachne! You burn Arachne. You tail-slap Arachne.
Arachne is severely wounded.
You feel very sick.
Arachne hits you with a staff of poison!
* * * LOW HITPOINT WARNING * * *
Arachne envenoms you.
* * * LOW HITPOINT WARNING * * *
Your ogre hits Arachne with a +0 giant spiked club!
Arachne hits your ogre with a staff of poison!
Arachne envenoms your ogre!
Your ogre is poisoned.
You hit Arachne. You burn Arachne.
Your tail-slap misses Arachne.
Arachne is almost dead.
You feel very sick. Arachne casts a spell at you. The poison arrow hits you!
You are more poisoned.
You partially resist.
* * * LOW HITPOINT WARNING * * *
Your ogre barely misses Arachne.
Arachne hits you with a staff of poison!
* * * LOW HITPOINT WARNING * * *
Arachne envenoms you.
* * * LOW HITPOINT WARNING * * *
You feel better.
Arachne points her staff at you, shooting a stream of webbing.
The stream of webbing hits you but does no damage.
You are caught in a web!
Your ogre misses Arachne.
Arachne stares at you and mumbles some strange words.
The bolt of poison hits you! You resist.
You die...

.^...........(.........
...........^............
...............^.........
.........................
^........................
...)......................
....[.....................
...^.............H.....^.!
.............^..@O........
................††..†.....
.......#...[..>^..........
.(.....#....^..........###
....^..#...............^..
.^....#~.......^...(.....^
~#....#...^.....(...^.....
.^....#...#......#~#^....^
.....^#...~^..†....#~.....


You could see Arachne (ally target) and a friendly ogre (summoned, berserk,
poisoned).

Vanquished Creatures
  A lich (IceCv)
  Rupert (D:15)
  Louise (D:14)
  3 ghost moths (Spider:1)
  2 orc warlords
  A very ugly thing (IceCv)
  2 dire elephants (Spider:1)
  2 hydras
  9 vault guards
  5 boulder beetles
  2 jorogumos
  5 caustic shrike simulacra (IceCv)
  An ogre mage (D:15)
  6 two-headed ogres
  3 centaur warriors
  A radroach (Spider:1)
  3 tengu warriors
  A thrashing horror (Lair:5)
  Sonja (Lair:4)
  6 orc high priests
  A deep elf knight (Spider:1)
  Nergalle (Orc:1)
  4 pharaoh ants
  2 sun moths
  A deep elf archer (Spider:2)
  3 steelbarb worms
  2 orb spiders
  An obsidian statue (IceCv)
  A bog body (IceCv)
  3 spriggan simulacra (IceCv)
  7 orc knights
  2 necromancers
  10 ugly things
  9 wolf spiders
  3 deep elf pyromancers
  20 elephants
  4 orc sorcerers
  6 cyclopes
  A manticore (D:12)
  3 black mambas
  A guardian serpent (D:13)
  3 moths of wrath
  A guardian serpent (shapeshifter) (D:15)
  A smoke demon (Lair:5)
  A gargoyle (D:11)
  5 torpor snails
  A centaur zombie (D:15)
  A centaur skeleton (D:15)
  A naga mage (D:15)
  2 kobold demonologists (D:12)
  9 cane toads
  An unseen horror (D:13)
  4 yaktaurs (D:15)
  2 rime drakes
  3 efreet
  3 demonic crawlers (Spider:1)
  2 tengu conjurers
  17 freezing wraiths (IceCv)
  6 komodo dragons
  2 golden dragon simulacra (IceCv)
  An anaconda simulacrum (IceCv)
  An ancient zyme (Lair:5)
  An ice devil (IceCv)
  7 trolls
  9 tarantellas
  A hornet (Lair:3)
  3 meliai (D:15)
  A polar bear (Lair:3)
  8 slime creatures
  9 blink frogs (Lair:5)
  10 dream sheep
  A snapping turtle (Lair:3)
  10 small abominations (Lair:5)
  11 culicivoras
  Sigmund (D:2)
  A centaur simulacrum (D:15)
  14 jumping spiders
  A water elemental (D:15)
  A shadow (D:11)
  2 spriggans (Lair:5)
  3 wyverns
  3 ynoxinuls (Lair:5)
  2 dire elephant simulacra (IceCv)
  2 wraiths
  38 yaks
  6 basilisks
  4 large abominations (Lair:5)
  5 steam dragons
  41 redbacks
  A chaos spawn (Lair:5)
  5 vampire mosquitoes (D:14)
  Menkaure (D:6)
  7 wargs
  2 harpy simulacra (IceCv)
  A minotaur simulacrum (IceCv)
  2 acid dragons
  16 water moccasins
  A hell hound (Spider:2)
  29 orc warriors
  2 black bears
  2 ice beasts (D:6)
  4 alligator simulacra (IceCv)
  7 ogres
  7 wolves
  6 centaurs
  3 phantoms (D:5)
  5 kobold brigands
  A necrophage (D:5)
  8 bullfrogs
  A gnoll sergeant (D:9)
  4 scorpions
  A deep troll simulacrum (IceCv)
  8 wights
  3 lindwurm simulacra (IceCv)
  8 killer bees (D:10)
  2 howler monkeys
  An electric eel (Spider:3)
  5 hounds
  7 orc priests
  2 gnoll boudas
  Natasha (thrice) (D:2)
  7 iguanas
  22 orc wizards
  6 hell rats (Lair:2)
  3 mummies (Ossuary)
  11 gnolls
  6 adders
  2 shadow imps
  A worm (D:3)
  5 dart slugs
  61 orcs
  5 ball pythons
  3 endoplasms (D:1)
  6 giant cockroaches
  4 hobgoblins (D:1)
  12 jackals
  21 kobolds
  4 quokkas
  6 bats
  5 frilled lizards
  7 goblins
  4 goblin zombies (Ossuary)
  2 hobgoblin zombies (Ossuary)
  3 kobold zombies (Ossuary)
  3 rats
767 creatures vanquished.

Vanquished Creatures (collateral kills)
  A ghost moth (Spider:3)
  A thrashing horror (Lair:5)
  An orb spider (Spider:3)
  An ugly thing (Lair:5)
  2 elephants (Lair:5)
  A blink frog (Lair:5)
  A dream sheep (Lair:5)
  2 yaks (Lair:5)
  A basilisk (Lair:5)
  A black bear (shapeshifter) (Lair:5)
12 creatures vanquished.

Vanquished Creatures (others)
  A bog body (IceCv)
  A jumping spider (Spider:2)
  An orc wizard (D:11)
  32 fungi
  18 plants
53 creatures vanquished.

Grand Total: 832 creatures vanquished

Notes
Turn   | Place    | Note
-------+----------+-------------------------------------------
     0 | D:1      | jejorda2 the Draconian Berserker began the quest for the
                  | Orb.
     0 | D:1      | Reached XP level 1. HP: 19/19 MP: 1/1
   341 | D:1      | Reached XP level 2. HP: 25/26 MP: 2/2
   778 | D:1      | Reached XP level 3. HP: 31/31 MP: 3/3
  1096 | D:2      | Reached skill level 1 in Short Blades
  1096 | D:2      | Reached ** piety under Trog
  1221 | D:2      | Identified the +1 ring mail of the Bells {Rampage Regen+
                  | Str-5}
  1372 | D:2      | Reached XP level 4. HP: 38/40 MP: 4/4
  1448 | D:2      | Noticed Sigmund
  1459 | D:2      | Killed Sigmund
  1460 | D:2      | Reached XP level 5. HP: 47/47 MP: 5/5
  1639 | D:2      | Noticed Natasha
  1644 | D:2      | Killed Natasha
  2025 | D:2      | Noticed Natasha
  2029 | D:2      | Killed Natasha
  2030 | D:2      | Reached XP level 6. HP: 53/53 MP: 6/6
  2405 | D:2      | Noticed Natasha
  2413 | D:2      | Killed Natasha
  2485 | D:3      | Found a faded altar of an unknown god.
  2717 | D:3      | Identified the +1 chain mail of Ymmaitoly {rCorr Int+7}
  3294 | D:4      | Reached skill level 5 in Fighting
  3351 | D:4      | Found a glowing silver altar of Zin.
  3438 | D:4      | Noticed a water moccasin
  3445 | D:4      | Killed a water moccasin
  3446 | D:4      | Your scales start taking on a glossy black colour.
  3446 | D:4      | Reached XP level 7. HP: 61/61 MP: 7/7
  3446 | D:4      | Gained mutation: You are resistant to electric shocks.
                  | (rElec) [Black Draconian growth]
  3778 | D:5      | Entered Level 5 of the Dungeon
  3794 | D:5      | Reached skill level 5 in Short Blades
  4056 | D:5      | Reached *** piety under Trog
  4378 | D:5      | Reached skill level 5 in Dodging
  4378 | D:5      | Reached XP level 8. HP: 62/70 MP: 8/8
  4878 | D:6      | Found Qoupiy's Distillery.
  5062 | D:6      | Reached skill level 1 in Stealth
  5068 | D:6      | Found a sand-covered staircase.
  5077 | Ossuary  | Entered an ossuary
  5426 | Ossuary  | Reached XP level 9. HP: 75/75 MP: 9/9
  5581 | D:6      | Reached **** piety under Trog
  5613 | D:6      | Noticed Menkaure
  5616 | D:6      | Killed Menkaure
  6276 | D:7      | Found a radiant altar of Vehumet.
  6395 | D:7      | Found a staircase to the Ecumenical Temple.
  6516 | D:7      | Identified the +2 leather armour of the Arena {Rampage
                  | rPois Will++ Int-4}
  6518 | D:7      | Found an ancient bone altar of Kikubaaqudgha.
  6908 | D:8      | Reached skill level 10 in Short Blades
  7111 | D:8      | You fall into a shaft and drop 1 floor!
  7331 | D:8      | Reached skill level 1 in Throwing
  7331 | D:8      | Reached XP level 10. HP: 50/83 MP: 10/10
  7883 | D:9      | Reached skill level 2 in Throwing
  8165 | D:9      | Reached skill level 3 in Throwing
  8754 | D:9      | Reached skill level 4 in Throwing
  8956 | D:9      | Found a staircase to the Orcish Mines.
  9070 | D:10     | Entered Level 10 of the Dungeon
  9086 | D:10     | Found Irurimin's Weapon Shop.
  9462 | D:10     | Found a staircase to the Lair.
  9506 | D:10     | Reached skill level 1 in Evocations
  9508 | D:10     | Reached ***** piety under Trog
  9904 | D:10     | Reached XP level 11. HP: 95/95 MP: 11/11
 10043 | D:10     | Reached skill level 5 in Throwing
 10435 | D:10     | Noticed a vault guard
 10449 | D:10     | Killed a vault guard
 10645 | D:10     | Found a portal to a secret trove of treasure.
 11047 | D:11     | Identified a scroll of acquirement
 11047 | D:11     | Acquired the +3 buckler of Death's Door {rElec rF+ MP+9}
 11087 | D:11     | Noticed a two-headed ogre
 11091 | D:11     | Killed a two-headed ogre
 11092 | D:11     | Reached skill level 1 in Shields
 11210 | D:11     | Noticed a boulder beetle
 11228 | D:11     | Killed a boulder beetle
 11400 | D:11     | Reached skill level 5 in Evocations
 11685 | D:11     | Noticed a boulder beetle
 11696 | D:11     | Killed a boulder beetle
 11697 | D:11     | Reached skill level 6 in Throwing
 11872 | D:10     | Bought 3 datura-tipped darts for 16 gold pieces
 11872 | D:10     | Bought 2 curare-tipped darts for 16 gold pieces
 12073 | Lair:1   | Entered Level 1 of the Lair of Beasts
 12293 | Lair:1   | You fall into a shaft and drop 1 floor!
 12541 | Lair:1   | Reached skill level 7 in Throwing
 12843 | Lair:1   | Reached skill level 5 in Shields
 13143 | Lair:2   | Reached XP level 12. HP: 78/104 MP: 12/12
 13404 | Lair:2   | Identified the ring of Ofeyqiry {rPois rC+ MP+9 SInv}
 13663 | Lair:2   | Noticed a five-headed hydra
 13672 | Lair:2   | Killed a five-headed hydra
 13930 | Lair:2   | Reached skill level 8 in Throwing
 14772 | Lair:3   | Noticed a five-headed hydra
 14792 | Lair:3   | Killed a five-headed hydra
 14918 | Lair:3   | Found a hole to the Spider Nest.
 15124 | Lair:3   | Reached skill level 9 in Throwing
 15196 | Lair:3   | Reached skill level 5 in Long Blades
 15201 | Lair:3   | Reached skill level 10 in Fighting
 15532 | Lair:3   | Found a staircase to the Shoals.
 15830 | Lair:4   | Reached XP level 13. HP: 113/113 MP: 13/13
 15966 | Lair:4   | Noticed Sonja
 15978 | Lair:4   | Killed Sonja
 16418 | Lair:5   | Entered Level 5 of the Lair of Beasts
 16815 | Lair:5   | Found a viscous altar of Jiyva.
 16815 | Lair:5   | Found a staircase to the Slime Pits.
 18421 | Lair:5   | Identified the +1 leather armour of the Sea {Rampage *Slow
                  | Str+8 Dex-2}
 18810 | Lair:5   | Reached skill level 10 in Long Blades
 18861 | Lair:5   | Found a corrupted altar of Lugonu.
 18861 | Lair:5   | Found a one-way gate to the infinite horrors of the Abyss.
 18868 | Lair:5   | Identified the +7 plate armour of the Glowing Gods {rElec
                  | rN+ Will+ Int+6}
 19677 | D:12     | Gained mutation: Your large and strong wings let you fly.
                  | [Black Draconian growth]
 19677 | D:12     | Reached XP level 14. HP: 122/122 MP: 14/14
 21589 | D:14     | Noticed Newt's ghost (journeyman DsMo)
 22023 | D:14     | Found a transporter.
 22284 | D:14     | Found a gate to the Vaults.
 22586 | D:14     | Noticed Louise
 22605 | D:14     | Killed Louise
 22952 | D:14     | Reached skill level 10 in Throwing
 23276 | D:15     | Entered Level 15 of the Dungeon
 23353 | D:15     | Found a frozen archway.
 23392 | IceCv    | Entered an ice cave
 23740 | IceCv    | Identified the +5 pair of boots "Jowapn Joapt" {Int+5
                  | Dex+3}
 23889 | IceCv    | Noticed a lich
 24189 | IceCv    | Killed a lich
 24313 | IceCv    | Noticed a white very ugly thing
 24338 | IceCv    | Killed a white very ugly thing
 24782 | IceCv    | Found an ancient bone altar of Kikubaaqudgha.
 24800 | IceCv    | Reached skill level 11 in Throwing
 24800 | IceCv    | Reached XP level 15. HP: 117/132 MP: 15/15
 25792 | D:15     | Reached skill level 12 in Throwing
 25985 | D:15     | Found a staircase to the Depths.
 26038 | D:15     | Found Ichamopt's Jewellery Emporium.
 26199 | D:15     | Bought an amulet of faith for 480 gold pieces
 26583 | D:15     | Noticed Rupert
 26597 | D:15     | Killed Rupert
 27110 | Orc:1    | Entered Level 1 of the Orcish Mines
 27295 | Orc:1    | Noticed an orc warlord
 27313 | Orc:1    | HP: 1/198 [orc knight/+0 long sword (9)]
 27612 | Orc:1    | Noticed Nergalle
 27630 | Orc:1    | Killed Nergalle
 27875 | Orc:1    | Killed an orc warlord
 28354 | Orc:2    | Entered Level 2 of the Orcish Mines
 28651 | Orc:2    | Found Syreluh's General Store.
 29188 | Orc:2    | Reached skill level 13 in Throwing
 29190 | Orc:2    | Found Dataco's Antique Weapon Boutique.
 29433 | Orc:2    | Reached skill level 10 in Shields
 29609 | Orc:2    | Bought a potion of haste for 160 gold pieces
 29684 | Orc:2    | Found Ivonut's Jewellery Shop.
 29727 | Orc:2    | Found a staircase to the Elven Halls.
 29781 | Orc:2    | Found Jamez's Antique Armour Emporium.
 30130 | Orc:2    | Noticed an orc warlord
 30145 | Orc:2    | Killed an orc warlord
 30394 | Orc:2    | Bought a ring of resist corrosion for 260 gold pieces
 30566 | Spider:1 | Entered Level 1 of the Spider Nest
 30629 | Lair:3   | Gained mutation: You sometimes lose your temper in combat.
                  | [mutagenic glow]
 30938 | Spider:1 | Identified the +5 long sword "Gepol" {vorpal, *Noise +Blink
                  | Str+4 Dex+6} (Trog gifted it to you on level 1 of the
                  | Spider Nest)
 30938 | Spider:1 | Received a gift from Trog
 31167 | Spider:1 | Reached XP level 16. HP: 139/139 MP: 16/16
 34716 | Spider:1 | Received a gift from Trog
 35631 | Spider:3 | Reached skill level 14 in Throwing
 36416 | Spider:3 | Noticed Arachne
 36447 | Spider:3 | HP: 3/139 [Arachne/staff of poison (9)]
 36448 | Spider:3 | Killed from afar by Arachne

Illustrated notes

Levels and vault maps discovered:
D:1:      dpeg_cavernosity, layout_basic
D:2:      layout_loops_cross, minmay_misc_feat_room, uniq_natasha, uniq_sigmund
D:3:      layout_basic, ebering_ecumenical_altar_hall
D:4:      layout_rooms, mainiacjoe_overflow_alcove_1, palyth_stone_intersect
D:5:      minmay_general_purpose_star, layout_loops_cross
D:6:      layout_gridville, lightli_ossuary_entry_decrepit_ruins, serial_shops,
          nicolae_shop_waterfront, hex_tiny, uniq_menkaure
D:7:      layout_loops_ring, mainiacjoe_overflow_tiny_flanked,
          mainiacjoe_overflow_24_doors, minmay_temple_entry_statues_fountains
D:8:      layout_basic
D:9:      layout_loops_ring, david_orc_1_choice
D:10:     layout_loops_corners, lair_entry_dummy, serial_rivers,
          chequers_serial_rivers_micro_b, chequers_serial_rivers_marsh,
          chequers_serial_rivers_room_a, chequers_serial_rivers_marsh,
          chequers_serial_rivers_micro_b, serial_shops, shop, enter_trove_5
D:11:     layout_roguey, kennysheep_generic_room_12
D:12:     layout_irregular_city
D:13:     layout_irregular_city, ebering_dispersal_statue_hall,
          fake_guardian_serpent_vault
D:14:     layout_grid_maze, erik_vaults_2, gammafunk_ghost_mausoleum,
          minmay_misc_feat_cross, uniq_louise
D:15:     grunt_enter_depths_magical_seal, layout_grid_maze, serial_shops,
          nicolae_shop_advertising_works [nicolae_subvault_shop_adworks],
          minivault_14, portal_ice_cave_entry_ugly_swarm, uniq_rupert
Lair:1:   layout_small_grid, grunt_megastairs_1, infiniplex_staircase_pool_2,
          serial_bayou_shore_b
Lair:2:   layout_cave_pods
Lair:3:   layout_loops_ring, minmay_shoals_entry_hut, dummy_spider_entry
Lair:4:   layout_big_grid, chequers_serial_rivers_micro_a, uniq_sonja
Lair:5:   hellmonk_lair_end_abyssal_woods, layout_hall_layers, slime_entry_1
Spider:1: layout_spider_delve
Spider:2: layout_spider_delve, beargit_elvish_explorers
Spider:3: layout_spider_delve, uniq_arachne
Orc:1:    layout_caves, nicolae_orc_pool_cavern,
          hellmonk_guarded_unrand_dark_maul, uniq_nergalle
Orc:2:    grunt_orc_gardens, layout_caves, grunt_orc_garden, grunt_orc_garden,
          grunt_orc_garden, grunt_orc_garden, basic_altar

Skill      XL: |  1  2  3  4  5  6  7  8  9 10 11 12 13 14 15 16 |
---------------+-------------------------------------------------+-----
Dodging        | 3 4 5 6 7 9 |  9.0
Short Blades   | 1 3 4 6 8 11 | 11.7
Fighting       | 4 5 6 8 9 10 11 12 | 12.0
Stealth        | 1 4 |  4.0
Throwing       | 1 4 7 9 11 13 14 | 14.2
Evocations     | 3 6 8 9 |  9.0
Shields        | 5 7 10 13 | 13.4
Long Blades    | 6 10 12 | 12.0

Action                   |  1- 3 |  4- 6 |  7- 9 | 10-12 | 13-15 | 16-18 || total
-------------------------+-------+-------+-------+-------+-------+-------++-------
Melee: Falchion          |    50 |       |       |       |       |       ||    50
       Tailslap          |     9 |    10 |    41 |   155 |   304 |   101 ||   620
       Short sword       |    55 |   114 |   344 |   742 |   428 |       ||  1683
       Punch             |       |     5 |     5 |     3 |       |       ||    13
       Scimitar          |       |       |       |     5 |  1065 |   450 ||  1520
       Dagger            |       |       |       |       |     1 |    10 ||    11
Throw: Stone             |     8 |       |       |       |       |       ||     8
       Dart              |       |       |       |    47 |    78 |    62 ||   187
       Javelin           |       |       |       |     3 |    18 |       ||    21
       Boomerang         |       |       |       |       |    25 |       ||    25
       Throwing net      |       |       |       |       |       |     1 ||     1
Invok: Berserk           |     1 |     2 |     5 |    18 |    36 |    10 ||    72
       Trog's Hand       |       |     2 |       |     3 |     8 |       ||    13
       Brothers in Arms  |       |       |       |     1 |     3 |     1 ||     5
 Abil: Breathe Lightning |       |       |     2 |    12 |     7 |     3 ||    24
Evoke: Wand              |       |       |       |     2 |     5 |     1 ||     8
       Tin of tremorston |       |       |       |       |     1 |       ||     1
       Condenser vane    |       |       |       |       |     1 |       ||     1
       Phial of floods   |       |       |       |       |       |     1 ||     1
  Use: Scroll            |       |     9 |    15 |     9 |     4 |       ||    37
       Potion            |       |       |       |     3 |     6 |     2 ||    11
 Stab: Sleeping          |     3 |     1 |     5 |    12 |     8 |     1 ||    30
       Distracted        |       |     1 |       |       |       |     1 ||     2
Armor: Skin              |    59 |    28 |    92 |   118 |   344 |   193 ||   834
Dodge: Dodged            |    71 |    74 |   152 |   201 |   598 |   285 ||  1381
Block: Other             |       |       |    11 |    33 |       |       ||    44
       Reflection        |       |       |       |     5 |    14 |       ||    19
       Buckler           |       |       |       |   169 |   653 |       ||   822
       Tower shield      |       |       |       |       |   415 |   680 ||  1095

Table legend: (Time is in decaauts)
 A = Elapsed time spent in this place.
 B = Non-inter-level travel time spent in this place.
 C = Inter-level travel time spent in this place.
 D = Time resting spent in this place.
 E = Time spent auto-exploring this place.
 F = Levels seen in this place.
 G = Mean time per level.
                   A        B        C        D        E       F      G
               +--------+--------+--------+--------+--------+-----+--------+
         Total |  36346 |  34686 |   1660 |   8885 |  19752 |  27 | 1346.1 |
       Dungeon |  17337 |  16343 |    994 |   2451 |  11350 |  15 | 1155.8 |
          Lair |   7544 |   7194 |    350 |   1909 |   4018 |   5 | 1508.8 |
   Spider Nest |   5498 |   5386 |    112 |   2334 |   1998 |   3 | 1832.7 |
  Orcish Mines |   3368 |   3166 |    202 |    982 |   1584 |   2 | 1684.0 |
       Ossuary |    425 |    425 |      0 |      0 |    339 |   1 |  425.0 |
      Ice Cave |   2170 |   2170 |      0 |   1206 |    462 |   1 | 2170.0 |
               +--------+--------+--------+--------+--------+-----+--------+

Top non-repeatable levels by time:
Spider:1: 4016 daAuts
  Lair:5: 2443 daAuts
   IceCv: 2170 daAuts
    D:10: 1862 daAuts
   Orc:1: 1802 daAuts
  Lair:3: 1735 daAuts
    D:14: 1680 daAuts
   Orc:2: 1566 daAuts
    D:15: 1557 daAuts
  Lair:2: 1542 daAuts
    D:11: 1428 daAuts
     D:2: 1369 daAuts
    D:13: 1280 daAuts
     D:8: 1264 daAuts
     D:1: 1086 daAuts
